Map: Orbital Shipyard

Players

Grumm

  • Race: Protoss Protoss
  • League: Gold

Decoy - Winner!

  • Race: Terran Terran
  • League: Gold

VOD

Have the link to the VOD?

Description

Time

  • Played on: Feb. 17, 2016, 2:16 p.m.
  • Length: 15:51
Show
View Real Time Build Order
Export as new Build Order

Grumm Protoss 

Build Orders: 1 Gate Expand 

Get SALT Encoding   

  12  0:01  Probe (Chrono Boost)  
  13  0:11  Probe (Chrono Boost)  
  14  0:23  Pylon  
  14  0:25  Probe (Chrono Boost)  
  15  0:37  Assimilator  
  15  0:41  Probe (Chrono Boost)  
  16  0:44  Gateway  
  16  0:51  Probe (Chrono Boost)  
  17  1:15  Nexus  
  17  1:25  Probe (Chrono Boost)  
  18  1:35  Cybernetics Core  
  18  1:37  Probe (Chrono Boost)  
  19  1:48  Probe (Chrono Boost)  
  19  1:51  Pylon  
  20  1:58  Probe (Chrono Boost)  
  21  2:09  Probe (Chrono Boost)  
  21  2:13  Stalker  
  21  2:15  Warp Gate (Chrono Boost)  
  23  2:20  Gateway  
  23  2:27  Probe  
  23  2:29  Probe  
  25  2:43  Pylon  
  25  2:51  Stalker, Probe  
  28  3:03  Mothership Core  
  28  3:04  Gateway  
  30  3:12  Gateway  
  30  3:15  Pylon  
  30  3:16  Probe  
  31  3:24  Assimilator  
  31  3:38  Pylon  
  31  3:41  Probe  
  31  3:42  Pylon, Probe  
  33  4:03  Probe  
  33  4:04  Probe  
  33  4:08  Robotics Facility  
  35  4:12  Assimilator  
  35  4:13  Probe  
  35  4:15  Assimilator  
  36  4:19  Stargate  
  36  4:25  Probe  
  36  4:27  Probe  
  38  4:37  Probe, Stalker  
  39  4:52  Forge  
  39  4:58  Pylon, Stalker x2  
  43  5:05  Probe  
  44  5:16  Stalker x2  
  44  5:18  Probe  
  49  5:22  Observer (Chrono Boost)  
  50  5:31  Photon Cannon  
  50  5:39  Zealot  
  50  5:40  Zealot  
  50  5:41  Void Ray (Chrono Boost)  
  58  5:48  Photon Cannon  
  58  5:53  Immortal (Chrono Boost)  
  62  6:03  Protoss Ground Weapons Level 1  
  62  6:10  Photon Cannon  
  62  6:17  Fleet Beacon  
  62  6:21  Pylon  
  62  6:24  Gateway  
  62  6:34  Void Ray (Chrono Boost)  
  66  6:43  Immortal  
  70  6:56  Probe x2  
  72  7:08  Probe  
  73  7:16  Void Ray (Chrono Boost)  
  75  7:56  Stalker x2  
  75  7:57  Stalker  
  68  8:11  Stalker  
  66  8:14  Void Ray (Chrono Boost)  
  57  8:38  Stalker x2  
  57  8:39  Stalker x2  
  55  9:05  Stalker  
  55  9:06  Stalker x3  
  55  9:20  Probe  
  55  9:21  Probe  
  57  9:33  Pylon, Probe x2  
  57  9:37  Stalker  
  57  9:38  Adept x4  
  69  9:52  Tempest (Chrono Boost)  
  73  9:54  Probe  
  66  11:03  Immortal  
  66  11:07  Tempest (Chrono Boost)  
  66  11:09  Probe  
  66  11:10  Probe, Zealot  
  66  11:11  Zealot x4  
  86  11:29  Protoss Ground Armor Level 1  
  86  11:33  Nexus  
  86  11:35  Pylon  
  86  11:44  Pylon  
  86  11:55  Stalker x4  
  86  11:56  Adept  
  96  12:07  Photon Cannon  
  96  12:12  Photon Cannon  
  72  12:39  Stalker x5  
  72  12:43  Pylon  
  82  12:52  Void Ray (Chrono Boost)  
  86  13:02  Probe x2  
  88  13:13  Pylon  
  88  13:19  Probe  
  88  13:20  Probe x2  
  88  13:21  Photon Cannon  
  79  13:51  Stalker x4  
  79  13:52  Stalker  
  85  13:58  Void Ray (Chrono Boost)  
  90  14:10  Probe x2  
  91  14:22  Pylon  
  91  14:25  Photon Cannon  
  91  14:34  Assimilator, Adept x4  
  91  14:35  Adept  
  101  14:39  Assimilator  
  101  14:52  Photon Cannon  
  101  15:01  Immortal  
  101  15:03  Photon Cannon  
  101  15:06  Photon Cannon  
  105  15:07  Photon Cannon  
  87  15:40  Stalker x3  
  87  15:41  Stalker  
  87  15:42  Stalker  
Show
View Real Time Build Order
Export as new Build Order

Decoy Terran - Winner!

Build Orders: Reaper Expand 

Get SALT Encoding   

  12  0:01  SCV  
  13  0:13  SCV  
  14  0:18  Supply Depot  
  14  0:25  SCV  
  15  0:39  SCV  
  15  0:41  Barracks  
  16  0:44  Refinery  
  16  0:51  SCV  
  17  1:04  SCV  
  18  1:16  SCV  
  19  1:28  Orbital Command  
  19  1:30  Reaper  
  20  1:45  Command Center  
  20  1:57  SCV  
  20  2:00  Supply Depot  
  22  2:15  SCV  
  22  2:25  Barracks Reactor  
  22  2:27  SCV  
  23  2:39  SCV  
  23  2:42  Factory  
  24  2:52  Refinery, SCV  
  25  3:01  Marine x2  
  27  3:09  Command Center  
  27  3:12  SCV  
  28  3:14  Barracks  
  28  3:18  Barracks  
  28  3:24  Orbital Command  
  28  3:29  Marine x2  
  28  3:32  Factory Reactor  
  30  3:42  SCV  
  30  3:43  Starport  
  31  3:50  Supply Depot, SCV  
  31  3:54  Marine x2  
  34  4:03  Supply Depot, SCV  
  34  4:05  SCV  
  36  4:16  SCV  
  37  4:17  SCV  
  37  4:19  Barracks Tech Lab x2  
  37  4:20  Marine x2  
  40  4:28  SCV  
  41  4:32  Medivac  
  41  4:33  Factory Tech Lab  
  43  4:44  Marine x2  
  43  4:45  Marauder  
  47  4:46  Marauder  
  47  4:47  SCV x2  
  47  4:51  Orbital Command  
  51  4:55  Combat Shields  
  51  4:59  SCV x2  
  53  5:05  Refinery x2  
  53  5:09  Supply Depot  
  53  5:11  SCV x2  
  55  5:17  Medivac, Orbital Command  
  55  5:18  Marine x3  
  60  5:23  Marine  
  61  5:33  SCV x2  
  63  5:36  Marine x3  
  63  5:41  Marine  
  67  5:45  SCV x2  
  67  5:47  Medivac  
  71  5:53  Marine  
  71  5:54  Marine x2  
  74  5:58  Marine  
  74  6:00  SCV x3  
  78  6:14  Supply Depot  
  78  6:15  Supply Depot  
  78  6:17  Supply Depot  
  78  6:22  Barracks  
  79  6:25  SCV x2  
  79  6:26  Marine, SCV, Barracks  
  79  6:27  Marine x2  
  79  6:29  Barracks  
  79  6:31  Barracks  
  84  6:36  Marauder  
  86  6:53  Marine x3  
  89  6:55  Engineering Bay  
  89  6:56  Engineering Bay  
  89  6:57  Armory  
  89  7:04  Liberator  
  89  7:08  Marine  
  90  7:11  Marine  
  90  7:13  Barracks Reactor  
  90  7:14  Barracks Tech Lab  
  91  7:16  Barracks Tech Lab  
  91  7:17  Barracks Reactor  
  91  7:18  Marine x2  
  91  7:20  Siege Tank  
  99  7:26  SCV x3  
  102  7:33  Supply Depot x2  
  102  7:34  Supply Depot  
  102  7:35  Supply Depot  
  102  7:47  Liberator  
  99  7:55  Siege Tank  
  91  8:26  Marine x4  
  91  8:27  Marine x6  
  84  8:28  SCV x2  
  84  8:29  SCV  
  86  8:44  Marine x4  
  81  9:07  Marine  
  81  9:08  Marine x7  
  81  9:09  Marine  
  87  9:17  Marine  
  85  9:25  Marine x3  
  85  9:26  Marine x6  
  85  9:28  Supply Depot  
  85  9:30  Supply Depot  
  85  9:31  Supply Depot  
  94  9:32  Supply Depot  
  94  9:33  Medivac, Siege Tank  
  94  9:35  Supply Depot, Marine  
  94  9:36  Terran Infantry Weapons Level 1  
  94  9:37  Terran Infantry Armor Level 1  
  100  9:43  Marine x3  
  103  9:45  Marine x2  
  103  9:46  Marine x4  
  109  9:53  Marine  
  109  9:55  Barracks  
  109  9:56  Barracks  
  109  9:57  Barracks  
  110  10:01  Marine  
  110  10:03  Medivac, Missile Turret  
  110  10:05  Missile Turret  
  110  10:24  Marine x5  
  110  10:25  Marine x5  
  120  10:31  SCV x3  
  120  10:49  Stimpack  
  109  11:01  Siege Tank  
  107  11:12  Barracks Tech Lab, Barracks Reactor  
  107  11:13  Marine x2  
  107  11:14  Marine x3  
  107  11:15  Marauder x3, Marine x2  
  120  11:21  Supply Depot  
  120  11:23  Supply Depot  
  120  11:27  Supply Depot  
  120  11:30  Supply Depot  
  120  11:31  Marine x4  
  120  11:32  Supply Depot, Marine  
  125  11:33  Marauder, Siege Tank  
  125  11:36  Supply Depot  
  133  11:56  Refinery  
  133  11:57  Refinery  
  133  11:59  Marine  
  133  12:00  Marine x8  
  133  12:01  Marauder, Marine x3  
  144  12:14  Medivac x2  
  144  12:15  Siege Tank  
  151  12:17  Marine  
  151  12:19  Marauder  
  138  12:32  Liberator  
  138  12:33  Liberator  
  138  12:34  Marine x5  
  138  12:35  Marine x4  
  138  12:40  Marine x2  
  138  12:41  Marine x2  
  140  12:47  Concussive Shells, Siege Tank  
  149  12:52  Marine x6  
  149  12:53  Marine x2  
  157  13:09  Command Center  
  157  13:19  Marine x4, Siege Tank  
  163  13:20  Marine x7  
  163  13:21  Marine x2  
  161  13:44  Marine x5  
  161  13:45  Marine x3  
  152  13:51  Siege Tank  
  152  13:53  Marine x4  
  152  13:54  Marine  
  149  14:02  Marine x3  
  152  14:22  Marine x3  
  152  14:23  Marine x7  
  152  14:24  Marauder x3  
  168  14:37  Command Center, Barracks  
  168  14:38  Barracks  
  168  14:40  Marine  
  168  14:41  Marauder  
  171  14:49  Orbital Command  
  171  15:10  Marine x4  
  171  15:11  Marine x7  
  171  15:12  Marine  
  171  15:13  Siege Tank  
  171  15:14  Medivac x2  
Tags
 
Add a new tag
Caveats
  • Supply blocks, unpowered buildings, or Contaminate may cause inaccurate times.
  • Supply counts are checked every 10 seconds.